 Dungeon Crawl Stone Soup version 0.21.1-1-g345015f (webtiles) character file.

1150 tidbits the Digger (level 8, 13/58 HPs)
             Began as a Gnoll Earth Elementalist on Feb 9, 2018.
             Quit the game on level 8 of the Dungeon.
             The game lasted 00:14:15 (1222 turns).

tidbits the Digger (Gnoll Earth Elementalist)       Turns: 1222, Time: 00:14:16

Health: 13/58      AC:  7    Str: 11      XL:     8   Next: 38%
Magic:  2/17       EV: 21    Int: 18 (19) God:
Gold:   126        SH:  8    Dex: 20 (21) Spells: 12/19 levels left

rFire    + . .     SeeInvis .   a - +1 mace (holy)
rCold    . . .     Gourm    .   D - +3 buckler
rNeg     . . .     Faith    .   d - +0 robe
rPois    .         Spirit   .   E - +2 helmet
rElec    .         Reflect  .   (no cloak)
rCorr    .         Harm     .   (no gloves)
MR       .....                  (no boots)
Stlth    ++++......             (no amulet)
HPRegen  0.19/turn              (no ring)
MPRegen  0.15/turn              (no ring)

@: agile, drained
A: distributed training, fangs 1, yellow scales 1, fire resistance 1, strong
nose
a: no special abilities


You were on level 8 of the Dungeon.
You were not hungry.

You visited 1 branch of the dungeon, and saw 8 of its levels.
You also visited: Ossuary.

You collected 126 gold pieces.

Inventory:

Hand Weapons
 a - a +1 mace of holy wrath (weapon)
   (You found it on level 1 of the Dungeon)
 p - a +4 scimitar
Missiles
 j - 20 stones (quivered)
 s - 7 tomahawks
Armour
 d - a +0 robe (worn)
 i - a cursed +0 helmet
 n - a +0 leather armour of fire resistance
   (You found it on level 3 of the Dungeon)
 D - a +3 buckler (worn)
 E - a +2 helmet (worn)
Scrolls
 f - a scroll of noise {unknown}
 h - 2 scrolls of enchant weapon
 o - a scroll of blinking {unknown}
 r - a scroll of remove curse
 v - a scroll of immolation {unknown}
 y - a scroll of magic mapping {unknown}
 A - a scroll of enchant armour
 B - a scroll of fear
Potions
 g - a potion of curing
 k - a potion of resistance
 l - a potion of brilliance
 m - 5 potions of flight
 q - a potion of heal wounds
 t - 2 potions of degeneration
 u - a potion of lignification
Books
 b - a book of Power
   (You found it on level 7 of the Dungeon)

   Spells                             Type                      Level
   a - Iskenderun's Battlesphere      Conjuration/Charms           5
   b - Venom Bolt                     Conjuration/Poison           5
   c - Bolt of Magma                  Conjuration/Fire/Earth       5
   d - Iron Shot                      Conjuration/Earth            6
   e - Orb of Destruction             Conjuration                  7
   f - Spellforged Servitor           Conjuration/Summoning        7
 e - a book of Geomancy

   Spells                             Type                      Level
   a - Sandblast                      Earth                        1
   b - Passwall                       Transmutation/Earth          2
   c - Stone Arrow                    Conjuration/Earth            3
   d - Petrify                        Transmutation/Earth          4
   e - Lee's Rapid Deconstruction     Earth                        5
Comestibles
 c - 4 rations


   Skills:
 + Level 3.1(2.7) Fighting
 + Level 3.1(2.7) Short Blades
 + Level 3.1(2.7) Long Blades
 + Level 3.1(2.7) Axes
 + Level 3.1(2.7) Maces & Flails
 + Level 3.1(2.7) Polearms
 + Level 3.1(2.7) Staves
 + Level 3.1(2.7) Slings
 + Level 3.1(2.7) Bows
 + Level 3.1(2.7) Crossbows
 + Level 3.1(2.7) Throwing
 + Level 3.1(2.7) Armour
 + Level 5.6(5.2) Dodging
 + Level 5.3(4.9) Stealth
 + Level 3.1(2.7) Shields
 + Level 3.1(2.7) Unarmed Combat
 + Level 6.0(5.5) Spellcasting
 + Level 2.5(2.2) Conjurations
 + Level 2.5(2.2) Hexes
 + Level 2.5(2.2) Charms
 + Level 2.5(2.2) Summonings
 + Level 2.5(2.2) Necromancy
 + Level 2.5(2.2) Translocations
 + Level 3.4(3.0) Transmutations
 + Level 2.5(2.2) Fire Magic
 + Level 2.5(2.2) Ice Magic
 + Level 2.5(2.2) Air Magic
 + Level 6.1(5.6) Earth Magic
 + Level 2.5(2.2) Poison Magic
 + Level 3.5(3.1) Invocations
 + Level 3.1(2.7) Evocations


You had 12 spell levels left.
You knew the following spells:

 Your Spells              Type           Power        Failure   Level  Hunger
a - Sandblast             Erth           ####..       1%          1    None
e - Petrify               Tmut/Erth      ###.....     24%         4    ####...
p - Passwall              Tmut/Erth      ###.......   3%          2    None


Dungeon Overview and Level Annotations

Branches:
Dungeon (8/15)
 Temple: D:4-7         Lair: D:8-11

Altars:
Dithmenos
Elyvilon
Kikubaaqudgha
Trog

Annotations:
D:6 Grinder


Innate Abilities, Weirdness & Mutations

Your experience applies equally to all skills.
You have very sharp teeth.
Your uncanny sense of smell can sniff out nearby items.
You are partially covered in yellow scales. (AC +2)
Your flesh is heat resistant. (rF+)


Message History

Aim: an orc, wielding a short sword The blast of sand hits the orc.
You kill the orc!
j - 25 stones
Casting: Sandblast
Confirm with . or Enter, or press ? or * to list all spells.
You can't see any susceptible monsters within range! (Use Z to cast anyway.)
The centaur shouts!
The centaur wields a shortbow.
The centaur shoots an arrow.
The arrow closely misses you.
A worker ant comes into view.
Items here: $ ( )) [ an arrow; a short sword; 18 gold pieces; an enchanted scimitar; a robe It was a potion of agility.
You feel agile all of a sudden.
You eat one of the 5 rations.
That ration really hit the spot!
Casting: Sandblast
Confirm with . or Enter, or press ? or * to list all spells.
Aiming: Sandblast
Press: ? - help, Shift-Dir - straight line, f - centaur
Aim: a centaur, wielding a shortbow The blast of sand hits the centaur.
The centaur is moderately wounded.
j - 24 stones The centaur shoots an arrow.
The arrow misses you.
Casting: Sandblast
Confirm with . or Enter, or press ? or * to list all spells.
Aiming: Sandblast
Press: ? - help, Shift-Dir - straight line, f/p - centaur
Aim: a centaur, wielding a shortbow (moderately wounded)
The blast of sand hits the centaur.
The centaur is severely wounded.
j - 23 stones The centaur shoots an arrow.
The arrow hits you!
* * * LOW HITPOINT WARNING * * *
Casting: Sandblast
Confirm with . or Enter, or press ? or * to list all spells.
Aiming: Sandblast
Press: ? - help, Shift-Dir - straight line, f/p - centaur
Aim: a centaur, wielding a shortbow (severely wounded)
The blast of sand hits the centaur.
The centaur is almost dead.
j - 22 stones
Casting: Sandblast
Confirm with . or Enter, or press ? or * to list all spells.
Aiming: Sandblast
Press: ? - help, Shift-Dir - straight line, f/p - centaur
Aim: a centaur, wielding a shortbow (almost dead)
The blast of sand misses the centaur.
j - 21 stones The centaur unwields an uncursed shortbow.
The centaur completely misses you. The wight completely misses you.
The centaur misses you.
Casting: Sandblast
Confirm with . or Enter, or press ? or * to list all spells.
Aiming: Sandblast
Press: ? - help, Shift-Dir - straight line, f/p - centaur
Aim: a centaur (almost dead)
The blast of sand hits the centaur.
You kill the centaur!
j - 20 stones The wight hits you from afar with a spear.
* * * LOW HITPOINT WARNING * * *
You feel drained.
Okay, then.
Wield which item (- for none, * to show all)? (? for menu, Esc to quit)
Wield which item (- for none, * to show all)? (? for menu, Esc to quit)
Okay, then.
The wight closely misses you.
Unknown command.
Okay, then.
Wield which item (- for none, * to show all)? (? for menu, Esc to quit)
Your +1 mace of holy wrath softly glows with a divine radiance!
a - a +1 mace of holy wrath (weapon)
Unknown command.
You hit the wight.
The wight convulses.
The wight is heavily damaged.
The wight hits you with a spear.
* * * LOW HITPOINT WARNING * * *
You feel drained.
* * * LOW HITPOINT WARNING * * *
You sock the wight!
The wight convulses!
You destroy the wight!
You feel your intelligence returning.
Your base Spellcasting skill increases to level 6!
An adder skeleton comes into view.
Items here: $ ( ))) [[
p - an enchanted scimitar You now have 126 gold pieces (gained 18).
Things that are here:
an uncursed shortbow; 9 arrows
Items here: ( )) [[ a spear; a robe; an arrow; a short sword; a robe Unknown command. 2 killer bees come into view.
A killer bee comes into view.
Things that are here:
an enchanted falchion; a runed robe; 11 gold pieces
Okay, then.
Are you sure you want to abandon this character and quit the game? (Confirm with "yes".)

######## #......#####
###......#...#
#.......[..#.#
#......###.# # #
#...)((##.. #y#.
#..)...##.#
###...###.######.#######
.y.y....@....###......<#
...........#...........#
...........####....†...#
...................).(.#
%...........#.#........#
..............#...######
>..........###..###
)..........# #..#
...........# #.[#


You could see 3 killer bees.

Vanquished Creatures
  An ice beast (D:8)
  An ogre (D:6)
  2 centaurs (D:8)
  A bullfrog (D:7)
  A scorpion (D:8)
  8 wights
  An iguana (D:7)
  2 worker ants (D:4)
  9 mummies (Ossuary)
  2 worker ant zombies
  8 adders
  An ooze (D:3)
  2 leopard geckos
  3 orcs
  3 ball pythons
  A bat (D:3)
  2 giant cockroaches
  3 hobgoblins
  14 jackals
  A quokka (D:3)
  3 frilled lizards
  A giant cockroach zombie (Ossuary)
  3 kobolds (D:3)
  3 rats (D:3)
76 creatures vanquished.

Vanquished Creatures (others)
  A withered plant (Ossuary)
1 creature vanquished.

Grand Total: 77 creatures vanquished

Notes
Turn   | Place    | Note
-------+----------+-------------------------------------------
     0 | D:1      | tidbits the Gnoll Earth Elementalist began the quest for the Orb.
     0 | D:1      | Reached XP level 1. HP: 13/13 MP: 6/6
    42 | D:1      | Reached skill level 2 in Transmutations
   107 | D:2      | Found an ancient bone altar of Kikubaaqudgha.
   107 | D:2      | Found a white marble altar of Elyvilon.
   107 | D:2      | Found a bloodstained altar of Trog.
   167 | D:2      | Reached XP level 2. HP: 20/20 MP: 4/7
   169 | D:2      | Reached skill level 5 in Spellcasting
   169 | D:2      | Reached XP level 3. HP: 25/25 MP: 2/9
   173 | D:2      | Learned a level 2 spell: Passwall
   207 | D:3      | Reached skill level 1 in Invocations
   231 | D:3      | Gained mutation: You have a pair of small horns on your head. [potion of mutation]
   232 | D:3      | Lost mutation: You have a pair of small horns on your head. [potion of mutation]
   232 | D:3      | Gained mutation: You are partially covered in yellow scales. (AC +2) [potion of mutation]
   232 | D:3      | Gained mutation: You do not regenerate when monsters are visible. [potion of mutation]
   232 | D:3      | Lost mutation: You do not regenerate when monsters are visible. [potion of mutation]
   232 | D:3      | Gained mutation: Your flesh is heat resistant. (rF+) [potion of mutation]
   238 | D:3      | Reached skill level 1 in Fighting
   238 | D:3      | Reached skill level 1 in Short Blades
   238 | D:3      | Reached skill level 1 in Long Blades
   238 | D:3      | Reached skill level 1 in Axes
   238 | D:3      | Reached skill level 1 in Maces & Flails
   238 | D:3      | Reached skill level 1 in Polearms
   238 | D:3      | Reached skill level 1 in Staves
   238 | D:3      | Reached skill level 1 in Slings
   238 | D:3      | Reached skill level 1 in Bows
   238 | D:3      | Reached skill level 1 in Crossbows
   238 | D:3      | Reached skill level 1 in Throwing
   238 | D:3      | Reached skill level 1 in Armour
   238 | D:3      | Reached skill level 1 in Shields
   238 | D:3      | Reached skill level 1 in Unarmed Combat
   238 | D:3      | Reached skill level 1 in Evocations
   305 | D:3      | Found a shadowy altar of Dithmenos.
   320 | D:3      | Reached XP level 4. HP: 29/32 MP: 4/11
   448 | D:3      | Reached skill level 1 in Conjurations
   448 | D:3      | Reached skill level 1 in Hexes
   448 | D:3      | Reached skill level 1 in Charms
   448 | D:3      | Reached skill level 1 in Summonings
   448 | D:3      | Reached skill level 1 in Necromancy
   448 | D:3      | Reached skill level 1 in Translocations
   448 | D:3      | Reached skill level 1 in Fire Magic
   448 | D:3      | Reached skill level 1 in Ice Magic
   448 | D:3      | Reached skill level 1 in Air Magic
   448 | D:3      | Reached skill level 1 in Poison Magic
   631 | D:4      | Reached XP level 5. HP: 37/37 MP: 5/12
   739 | D:5      | Entered Level 5 of the Dungeon
   762 | D:6      | Found a sand-covered staircase.
   767 | Ossuary  | Entered an ossuary
   789 | Ossuary  | Reached XP level 6. HP: 44/44 MP: 8/13
   804 | Ossuary  | Reached skill level 2 in Invocations
   833 | Ossuary  | Reached skill level 2 in Fighting
   833 | Ossuary  | Reached skill level 2 in Short Blades
   833 | Ossuary  | Reached skill level 2 in Long Blades
   833 | Ossuary  | Reached skill level 2 in Axes
   833 | Ossuary  | Reached skill level 2 in Maces & Flails
   833 | Ossuary  | Reached skill level 2 in Polearms
   833 | Ossuary  | Reached skill level 2 in Staves
   833 | Ossuary  | Reached skill level 2 in Slings
   833 | Ossuary  | Reached skill level 2 in Bows
   833 | Ossuary  | Reached skill level 2 in Crossbows
   833 | Ossuary  | Reached skill level 2 in Throwing
   833 | Ossuary  | Reached skill level 2 in Armour
   833 | Ossuary  | Reached skill level 5 in Dodging
   833 | Ossuary  | Reached skill level 2 in Shields
   833 | Ossuary  | Reached skill level 2 in Unarmed Combat
   833 | Ossuary  | Reached skill level 2 in Evocations
   923 | D:6      | Learned a level 4 spell: Petrify
  1022 | D:6      | Noticed Grinder
  1029 | D:6      | Reached XP level 7. HP: 50/50 MP: 11/15
  1070 | D:7      | Reached skill level 2 in Conjurations
  1070 | D:7      | Reached skill level 2 in Hexes
  1070 | D:7      | Reached skill level 2 in Charms
  1070 | D:7      | Reached skill level 2 in Summonings
  1070 | D:7      | Reached skill level 2 in Necromancy
  1070 | D:7      | Reached skill level 2 in Translocations
  1070 | D:7      | Reached skill level 2 in Fire Magic
  1070 | D:7      | Reached skill level 2 in Ice Magic
  1070 | D:7      | Reached skill level 2 in Air Magic
  1070 | D:7      | Reached skill level 2 in Poison Magic
  1079 | D:7      | Reached skill level 3 in Transmutations
  1091 | D:7      | Reached skill level 5 in Stealth
  1130 | D:8      | Reached skill level 3 in Invocations
  1132 | D:8      | Reached XP level 8. HP: 19/57 MP: 10/16
  1143 | D:8      | Reached skill level 6 in Earth Magic
  1187 | D:8      | Noticed a hippogriff
  1191 | D:8      | Reached skill level 3 in Fighting
  1191 | D:8      | Reached skill level 3 in Short Blades
  1191 | D:8      | Reached skill level 3 in Long Blades
  1191 | D:8      | Reached skill level 3 in Axes
  1191 | D:8      | Reached skill level 3 in Maces & Flails
  1191 | D:8      | Reached skill level 3 in Polearms
  1191 | D:8      | Reached skill level 3 in Staves
  1191 | D:8      | Reached skill level 3 in Slings
  1191 | D:8      | Reached skill level 3 in Bows
  1191 | D:8      | Reached skill level 3 in Crossbows
  1191 | D:8      | Reached skill level 3 in Throwing
  1191 | D:8      | Reached skill level 3 in Armour
  1191 | D:8      | Reached skill level 3 in Shields
  1191 | D:8      | Reached skill level 3 in Unarmed Combat
  1191 | D:8      | Reached skill level 3 in Evocations
  1215 | D:8      | Reached skill level 6 in Spellcasting
  1222 | D:8      | Quit the game

Skill      XL: |  1  2  3  4  5  6  7  8 |
---------------+-------------------------+-----
Transmutations | 2 3 |  3.4
Spellcasting   | 5 6 |  6.0
Invocations    | 1 2 3 |  3.5
Fighting       | 1 2 3 |  3.1
Short Blades   | 1 2 3 |  3.1
Long Blades    | 1 2 3 |  3.1
Axes           | 1 2 3 |  3.1
Maces & Flails | 1 2 3 |  3.1
Polearms       | 1 2 3 |  3.1
Staves         | 1 2 3 |  3.1
Slings         | 1 2 3 |  3.1
Bows           | 1 2 3 |  3.1
Crossbows      | 1 2 3 |  3.1
Throwing       | 1 2 3 |  3.1
Armour         | 1 2 3 |  3.1
Shields        | 1 2 3 |  3.1
Unarmed Combat | 1 2 3 |  3.1
Evocations     | 1 2 3 |  3.1
Conjurations   | 1 2 |  2.5
Hexes          | 1 2 |  2.5
Charms         | 1 2 |  2.5
Summonings     | 1 2 |  2.5
Necromancy     | 1 2 |  2.5
Translocations | 1 2 |  2.5
Fire Magic     | 1 2 |  2.5
Ice Magic      | 1 2 |  2.5
Air Magic      | 1 2 |  2.5
Poison Magic   | 1 2 |  2.5
Dodging        | 5 |  5.6
Stealth        | 5 |  5.3
Earth Magic    | 6 |  6.1

Action                   |  1- 3 |  4- 6 |  7- 9 || total
-------------------------+-------+-------+-------++-------
Melee: Club              |     3 |       |       ||     3
       Mace              |     3 |    13 |    30 ||    46
       Bite              |       |     2 |     1 ||     3
       Whip              |       |     1 |       ||     1
Throw: Stone             |       |       |     1 ||     1
 Cast: Sandblast         |    25 |    73 |    32 ||   130
       Passwall          |       |     4 |       ||     4
  Use: Scroll            |     7 |     8 |       ||    15
       Potion            |     3 |     1 |     5 ||     9
 Stab: Sleeping          |     1 |     1 |     1 ||     3
  Eat: Ration            |       |       |     1 ||     1
Armor: Robe              |     1 |     7 |     9 ||    17
       Skin              |       |       |     2 ||     2
Dodge: Dodged            |    17 |    13 |    33 ||    63
Block: Buckler           |     7 |    15 |    17 ||    39

Table legend:
 A = Turns spent in this place as a percentage of turns spent in the entire game.
 B = Non-inter-level travel turns spent in this place as a percentage of non-inter-level travel turns spent in the entire game.
 C = Inter-level travel turns spent in this place as a percentage of turns spent in this place.
 D = Turns resting spent in this place as a percentage of non-inter-level travel turns spent in this place.
 E = Turns spent auto-exploring this place as a percentage of non-inter-level travel turns spent in this place.
 F = Non-inter-level travel turns spent in this place divided by the number of levels of this place that you've seen.
                   A       B       C       D       E      F
               +-------+-------+-------+-------+-------+----------------------
         Total | 100.0 | 100.0 |   0.0 |   0.0 |   0.0 | 135.8
       Dungeon |  87.9 |  87.9 |   0.0 |   0.0 |   0.0 | 134.2
       Ossuary |  12.1 |  12.1 |   0.0 |   0.0 |   0.0 | 148.0
               +-------+-------+-------+-------+-------+----------------------

Table legend:
 A = Kills in this place as a percentage of kills in entire the game.
 B = Kills by you in this place as a percentage of kills by you in the entire game.
 C = Kills by friends in this place as a percentage of kills by friends in the entire game.
 D = Other kills in this place as a percentage of other kills in the entire game.
 E = Experience gained in this place as a percentage of experience gained in the entire game.
 F = Experience gained in this place divided by the number of levels of this place that you have seen.
                   A       B       C       D       E      F
               +-------+-------+-------+-------+-------+----------------------
         Total | 100.0 | 100.0 |   N/A |   N/A | 100.0 | 182.7
       Dungeon |  85.5 |  85.5 |   N/A |   N/A |  85.5 | 175.8
       Ossuary |  14.5 |  14.5 |   N/A |   N/A |  14.5 | 238.0
               +-------+-------+-------+-------+-------+----------------------

Vault maps used:
D:1:      roderic_chinese_lattice_arrival
D:2:      grunt_temple_overflow_open, lemuel_coloured_pillars_altar
D:3:      zin_statuary, first_ration, nicolae_dithmenos_shadow_blocks
D:4:      kennysheep_mini, elyvilon_altar_1, uniq_eustachio
D:5:      kennysheep_little_box, lemuel_crystal_altar, hangedman_decor_lopped,
          fedhas_bush_and_centaur_altar
D:6:      minmay_temple_entry_grid, basic_altar, enter_ossuary_3,
          bh_walls_and_bars, uniq_grinder, uniq_edmund
Ossuary:  ossuary_zaba_flooded
